 Dungeon Crawl Stone Soup version 0.21-a0-538-gd16b88a (webtiles) character file.

23 AverageBear the Cutter (level 2, -3/18 HPs)
             Began as a Deep Elf Fighter on Dec 15, 2017.
             Slain by a hobgoblin (4 damage)
             ... on level 1 of the Dungeon.
             The game lasted 00:00:34 (512 turns).

AverageBear the Cutter (Deep Elf Fighter)            Turns: 512, Time: 00:00:34

Health: -3/18      AC:  6    Str: 13    XL:     2   Next: 72%
Magic:  4/4        EV:  6    Int: 12    God:
Gold:   44         SH:  8    Dex: 14    Spells: 1/1 levels left

rFire    + . .     SeeInvis .   a - +0 rapier
rCold    . . .     Gourm    .   c - +0 shield
rNeg     . . .     Faith    .   b - +0 scale mail
rPois    .         Spirit   .   (no helmet)
rElec    .         Reflect  .   (no cloak)
rCorr    .         Harm     .   (no gloves)
MR       .....                  (no boots)
Stlth    ..........             (no amulet)
HPRegen  0.06/turn              h - ring of protection from fire
MPRegen  0.09/turn              (no ring)

@: no status effects
A: no striking features
a: no special abilities


You were on level 1 of the Dungeon.
You were not hungry.

You visited 1 branch of the dungeon, and saw 1 of its levels.

You collected 44 gold pieces.

Inventory:

Hand Weapons
 a - a +0 rapier (weapon)
Armour
 b - a +0 scale mail (worn)
 c - a +0 shield (worn)
Jewellery
 h - a ring of protection from fire (left hand)
 l - an uncursed ring of resist corrosion {unknown}
Scrolls
 e - a scroll of enchant armour {unknown}
Potions
 d - a potion of might
 k - a potion of lignification {unknown}
Comestibles
 f - a bread ration
 g - a royal jelly
 i - 2 meat rations
 j - 2 chunks of flesh


   Skills:
 - Level 2.4 Fighting
 + Level 3.3 Short Blades
 - Level 2.4 Armour
 - Level 2.4 Shields


You had one spell level left.
You didn't know any spells.

Dungeon Overview and Level Annotations

Branches:
Dungeon (1/15)

Altars:


Message History

You closely miss the hobgoblin. You block the bat's attack.
The hobgoblin hits you but does no damage.
You hit the hobgoblin but do no damage. The bat hits you but does no damage.
The hobgoblin barely misses you.
You closely miss the hobgoblin. The bat barely misses you.
The hobgoblin hits you.
* * * LOW HITPOINT WARNING * * *
You hit the hobgoblin.
The hobgoblin is moderately wounded.
The bat closely misses you.
The hobgoblin hits you but does no damage.
You hit the hobgoblin but do no damage.
The hobgoblin is moderately wounded.
The bat hits you but does no damage. You block the hobgoblin's attack.
The bat hits you but does no damage.
The hobgoblin hits you but does no damage.
You see here a twisted emerald ring.
l - a twisted emerald ring The bat hits you but does no damage.
The hobgoblin hits you.
You die...

...............####... #...
.......................#####
............................
........####................
......... #(.........>.....
.......... #.(.#####........
.........##(..#####...#####
.........)).........
.....$.@g........
##......b........
................. .
.......(....(.... .
...##+#........## . ...
#........# .. #........#
#........


You could see a hobgoblin and a bat.

Vanquished Creatures
  A gnoll (D:1)
  2 bats (D:1)
  A goblin (D:1)
  2 hobgoblins (D:1)
  2 frilled lizards (D:1)
  5 kobolds (D:1)
  3 rats (D:1)
16 creatures vanquished.

Notes
Turn   | Place    | Note
-------+----------+-------------------------------------------
     0 | D:1      | AverageBear the Deep Elf Fighter began the quest for the Orb.
     0 | D:1      | Reached XP level 1. HP: 13/13 MP: 3/3
   375 | D:1      | Reached XP level 2. HP: 18/18 MP: 4/4
   467 | D:1      | Reached skill level 3 in Short Blades
   512 | D:1      | Slain by a hobgoblin

Vault maps used:
D:1:      saegor_arrival_simple_d

Skill      XL: |  1  2 |
---------------+-------+-----
Short Blades   | 3 |  3.3
Fighting       | |  2.4
Armour         | |  2.4
Shields        | |  2.4

Action                   || total
-------------------------++-------
Melee: Rapier            ||    55
Armor: Scale mail        ||    54
Dodge: Dodged            ||    22
Block: Shield            ||    45

Table legend:
 A = Spawn XP
 B = Non-spawn XP
 C = Spawn XP percentage of total XP
 D = Spawn monster count
 E = Non-spawn monster count
 F = Spawn count percentage of total count
 G = Total turns spent on level
                    A         B        C        D         E        F      G
               +---------+---------+-------+---------+---------+-------+---------
         Total |       0 |      33 |   0.0 |       0 |      16 |   0.0 |   512
               +---------+---------+-------+---------+---------+-------+---------
           D:1 |       0 |      33 |   0.0 |       0 |      16 |   0.0 |   512
               +---------+---------+-------+---------+---------+-------+---------
